AoeStats
← Еврей

Yucatan

503197012Analyzed
2v2 RM · 1mo ago on Aug 30, 2026· 57m 34s· 4 players
Game mode
Random Map
Map size
Medium (4 player)
Population
200
Speed
Normal
Resources
Standard
Victory
Conquest
Starting age
Dark Age
Ending age
Imperial Age
RankedLock teamsTeams togetherTeam positionsShared explorationLock speedFull tech treeHidden civsTurbo modeCheats
Victory
Defeat
🇷🇺 Spanish · Russia
845
+17
845
+17
🇹🇭 Bohemians · Thailand
876
-17
🇺🇸 Mongols · United States
857
-17
Megaman
1:59 Loom
11:53 Feudal Age
12:28 Double-Bit Axe
12:36 Gold Mining
14:18 Wheelbarrow
18:01 Castle Age
17:41 Fletching
17:52 Padded Archer Armor
19:12 Hand Cart
19:27 Bow Saw
20:46 Gold Shaft Mining
21:44 Bodkin Arrow
23:45 Leather Archer Armor
29:07 Ballistics
35:23 Masonry
35:50 Husbandry
36:07 Bloodlines
37:21 Forging
37:17 Scale Barding Armor
37:28 Thumb Ring
42:03 Stone Mining
43:11 Horse Collar
43:32 Murder Holes
47:14 Imperial Age
44:45 Town Watch
47:09 Iron Casting
46:40 Scale Barding Armor
47:25 Elite Mangudai
48:27 Conscription
49:10 Hoardings
48:09 Onager
48:36 Elite Skirmisher
49:45 Parthian Tactics
48:42 Elite Skirmisher
50:45 Stone Shaft Mining
53:38 Siege Onager
55:45 Bracer
55:13 Elite Steppe Lancer
57:05 Chemistry
Sultan
11:07 Feudal Age
12:02 Double-Bit Axe
12:02 Horse Collar
20:01 Castle Age
24:43 Chemistry
31:16 Heavy Plow
31:30 Bow Saw
43:25 Imperial Age
41:44 Elite Skirmisher
43:20 Forging
43:01 Fletching
43:11 Padded Archer Armor
45:40 Bodkin Arrow
46:01 Leather Archer Armor
46:23 Iron Casting
47:47 Wheelbarrow
54:38 Hand Cart
черный как смола
0:33 Loom
12:46 Feudal Age
15:36 Double-Bit Axe
15:34 Horse Collar
21:26 Castle Age
20:57 Forging
20:48 Scale Mail Armor
20:39 Fletching
21:37 Arson
22:37 Bow Saw
22:37 Thumb Ring
21:54 Eagle Warrior
22:36 Squires
24:56 Chain Mail Armor
26:26 Elite Skirmisher
31:19 Bodkin Arrow
38:33 Imperial Age
36:15 Padded Archer Armor
36:51 Iron Casting
38:11 Wheelbarrow
38:02 Heavy Plow
40:03 Hand Cart
39:37 Town Watch
40:46 Conscription
41:40 Elite Plumed Archer
42:33 Gold Mining
43:19 Bracer
46:20 Ballistics
47:00 Chemistry
46:20 Elite Eagle Warrior
48:42 Stone Mining
50:02 Holcans
50:08 Hoardings
49:54 Town Patrol
52:27 Stone Shaft Mining
53:10 Two-Man Saw
55:57 Leather Archer Armor
56:12 Plate Mail Armor
56:42 Blast Furnace
Еврей
9:33 Loom
12:28 Feudal Age
12:54 Double-Bit Axe
12:54 Horse Collar
20:45 Castle Age
20:39 Fletching
20:52 Pikeman
21:48 Bodkin Arrow
22:35 Bow Saw
22:27 Heavy Plow
24:22 Padded Archer Armor
28:57 Stone Mining
31:20 Gold Mining
35:03 Imperial Age
33:40 Leather Archer Armor
34:25 Scale Barding Armor
36:06 Husbandry
36:19 Bloodlines
35:49 Light Cavalry
36:47 Forging
36:58 Chain Barding Armor
36:52 Hussar
41:47 Iron Casting
42:47 Conscription
44:00 Plate Barding Armor
45:56 Chemistry
49:32 Wheelbarrow
50:27 Blast Furnace
50:33 Blast Furnace
53:46 Bracer
54:20 Ring Archer Armor
57:27 Elite Conquistador
Connection lost

Rejoining the realm…

Still unreachable

The connection could not be restored.

Session expired

The server has moved on; the page needs a fresh start.